 Dungeon Crawl Stone Soup version 0.32-a0-898-g7811c86cf0 (webtiles) character file.

Game seed: 6876177373977097359

1 Esekla the Magician (level 1, -1/15 HPs)
             Began as a Demonspawn Wanderer on Apr 4, 2024.
             Slain by a jackal (2 damage)
             ... on level 2 of the Dungeon.
             The game lasted 00:01:22 (102 turns).

Esekla the Magician (Demonspawn Wanderer)            Turns: 102, Time: 00:01:22

Health: -1/15      AC:  2    Str: 10    XL:     1   Next: 16%
Magic:  3/3        EV: 10    Int: 13    God:
Gold:   0          SH:  0    Dex: 13    Spells: 3/4 levels left

rFire   . . .        c - +0 dagger
rCold   . . .        (no shield)
rNeg    . . .        e - +0 robe
rPois   .            (no helmet)
rElec   .            (no cloak)
rCorr   .            (no gloves)
SInv    .            (no boots)
Will    .....        (no amulet)
Stlth   ++           (no ring)
HPRegen 0.22/turn    (no ring)
MPRegen 0.08/turn

%: no passive effects
@: no status effects
A: no striking features
a: no special abilities


You were on level 2 of the Dungeon.
You visited 1 branch of the dungeon, and saw 2 of its levels.

Inventory:

Hand Weapons
 c - a +0 dagger (weapon)
Missiles
 b - 8 boomerangs (quivered)
Armour
 e - a +0 robe (worn)
Potions
 a - a potion of heal wounds {unknown}


   Skills:
 + Level 1.0 Fighting
 + Level 1.8 Short Blades
 + Level 1.0 Throwing
 + Level 1.0 Armour
 + Level 1.0 Stealth
 + Level 2.0 Spellcasting
 + Level 1.8 Air Magic


You had 3 spell levels left.
You knew the following spells:

 Your Spells              Type           Power      Damage    Failure   Level
a - Shock                 Conj/Air       12%        1d3       17%         1

Your spell library contained the following spells:

 Spells                   Type           Power      Damage    Failure   Level
 Static Discharge         Conj/Air       6%         3-4/arc   26%         2
 Mephitic Cloud           Conj/Alch/Air  2%         N/A       52%         3


Dungeon Overview and Level Annotations

Branches:
Dungeon (2/15)

Altars:


Message History

A nearby plant withers and dies.
Something bites the bush but does no damage.
The jackal attacks as it pursues you! The jackal closely misses you.
The jackal bites you. The jackal attacks as it pursues you!
The jackal closely misses you.
The jackal bites you but does no damage.
The jackal attacks as it pursues you! The jackal barely misses you.
The jackal closely misses you.
The jackal barks!
The jackal attacks as it pursues you! The jackal closely misses you.
The jackal bites you. x2
The jackal closely misses you. x2
The jackal attacks as it pursues you! The jackal bites you.
The jackal attacks as it pursues you! The jackal bites you.
The jackal bites you but does no damage.
The jackal attacks as it pursues you! The jackal misses you.
The jackal attacks as it pursues you! The jackal bites you.
There is a stone staircase leading down here.
The jackal closely misses you.
You climb downwards.
Found 11 gold pieces.
There is a stone staircase leading up here.
You closely miss the jackal. The jackal barely misses you.
You hit the jackal but do no damage. The jackal bites you.
You hit the jackal but do no damage. The jackal bites you.
* * * LOW HITPOINT WARNING * * *
The jackal bites you.
* * * LOW HITPOINT WARNING * * *
You hit the jackal.
The jackal is moderately wounded.
The jackal bites you.
* * * LOW HITPOINT WARNING * * *
You hit the jackal but do no damage.
The jackal is moderately wounded.
The jackal bites you.
* * * LOW HITPOINT WARNING * * *
You hit the jackal.
The jackal is almost dead.
The jackal bites you.
You die...

####
.$..
..#
...
#.#
#h#
#@#
###


You could see a jackal.

Vanquished Creatures
  A ball python (D:1)
  A rat (D:1)
2 creatures vanquished.

Notes
Turn   | Place    | Note
-------+----------+-------------------------------------------
     0 | D:1      | Esekla the Demonspawn Wanderer began the quest for the Orb.
     0 | D:1      | Esekla set off with the following items: a +0 short sword,
                  | 8 boomerangs, a +0 dagger, a scroll of fear, a +0 robe; and
                  | the following spell memorised: Shock; and the following
                  | spells available to memorise: Static Discharge, Mephitic
                  | Cloud.
     0 | D:1      | Reached XP level 1. HP: 15/15 MP: 3/3
   102 | D:2      | Slain by a jackal

Illustrated notes

Levels and vault maps discovered:
D:1:      roderic_octagonal_star, layout_rooms, serial_forest,
          infiniplex_forest_lined_3, infiniplex_forest_clump_curved,
          infiniplex_forest_lined_corner, infiniplex_forest_lined_2,
          infiniplex_forest_clump_curved, infiniplex_forest_lined_4_way,
          infiniplex_forest_clump_curved, infiniplex_forest_clump_curved,
          infiniplex_forest_lined_room_, supply_closet_lemuel
D:2:      layout_basic, serial_shops, shop, shop, nicolae_shop_crystal,
          nicolae_lakefront_shop, shop

Action                     || total
---------------------------++-------
  Melee: Dagger            ||    16
    Use: Scroll            ||     1
 Armour: Robe              ||    19
  Dodge: Dodged            ||    14

Table legend: (Time is in decaauts)
 A = Elapsed time spent in this place.
 B = Non-inter-level travel time spent in this place.
 C = Inter-level travel time spent in this place.
 D = Time resting spent in this place.
 E = Time spent auto-exploring this place.
 F = Levels seen in this place.
 G = Mean time per level.
                   A        B        C        D        E       F      G
               +--------+--------+--------+--------+--------+-----+--------+
         Total |    100 |    100 |      0 |      0 |      0 |   2 |   50.0 |
       Dungeon |    100 |    100 |      0 |      0 |      0 |   2 |   50.0 |
               +--------+--------+--------+--------+--------+-----+--------+

Top non-repeatable levels by time:
     D:1: 94 daAuts
     D:2: 5 daAuts
